[Event "Titled Tuesday Blitz May 31 Early 2022"]
[White "Melian, Juan Sebastian"]
[Black "Maksimenko, Viktor"]
[WhiteFideId "3706575"]
[BlackFideId "13710478"]
[WhiteElo "1851"]
[BlackElo "2269"]
[Result "1/2-1/2"]
[Round "05"]
[TimeControl "180+1"]
[Date "2022.06.01"]
[WhiteClock "0:00:07"]
[BlackClock "0:00:19"]

1. d4 Nf6 2. c4 e6 3. Nc3 Bb4 4. f3 c5 5. d5 O-O 6. e4 exd5 7. cxd5 d6 8. Bd3 Nbd7 9. Ne2 Re8 10. O-O a6 11. a3 Ba5 12. Ng3 b5 13. h3 Bb6 14. Kh2 c4 15. Bc2 Ne5 16. Qe2 Bd7 17. Be3 a5 18. Bxb6 Qxb6 19. f4 Ng6 20. Qf3 b4 21. Nce2 Nh4 22. Qf2 Qxf2 23. Rxf2 Ng6 24. Nd4 h5 25. Ngf5 Bxf5 26. Nxf5 Nxe4 27. Bxe4 Rxe4 28. Nxd6 Rxf4 29. Rxf4 Nxf4 30. axb4 Nxd5 31. bxa5 c3 32. bxc3 Nxc3 33. a6 Nd5 34. a7 Kf8 35. Rb1 Ke7 36. Rb8 Nc7 37. Nc8+ Ke6 38. Kg3 g5 39. Kh2 h4 40. Kg1 f6 41. Kh2 f5 42. Rb7 Rxc8 43. Rxc7 Ra8 44. Rh7 Ke5 45. Kg1 Kf4 46. Kf2 Rc8 47. Rb7 Rc2+ 48. Kg1 Ra2 49. Kh2 g4 50. hxg4 fxg4 51. Rb4+ Kg5 52. Rb5+ Kf4 53. Rb4+ Kf5 54. Rb5+ Ke6 55. a8=Q Rxa8 56. Rh5 Kf6 57. Rxh4 Kg5 58. Rh7 Ra3 59. Rg7+ Kf5 60. Rg8 Kf4 61. Rf8+ Kg5 62. Rg8+ Kh5 63. Rh8+ Kg6 64. Rg8+ Kf5 65. Rf8+ Ke6 66. Rg8 Kf5 67. Rf8+ Kg5 68. Rg8+ Kh5 69. Rh8+ Kg5 70. Rg8+ 1/2-1/2


[Site "https://www.chess.com"]

[Event "Titled Tuesday Blitz May 31 Early 2022"]
[White "Milanovic, Marko"]
[Black "Csonka, Balazs"]
[WhiteFideId "980129"]
[BlackFideId "742910"]
[WhiteElo "2151"]
[BlackElo "2404"]
[Result "1-0"]
[Round "05"]
[TimeControl "180+1"]
[Date "2022.06.01"]
[WhiteClock "0:00:10"]
[BlackClock "0:00:02"]

1. e4 e5 2. Nf3 Nc6 3. d4 exd4 4. Nxd4 Nf6 5. Nc3 Nxe4 6. Nxe4 Qe7 7. Qd3 d5 8. Nxc6 bxc6 9. Be2 Qxe4 10. Qxe4+ dxe4 11. O-O Bd6 12. Be3 O-O 13. Rfe1 a5 14. a4 Be6 15. b3 Bb4 16. Red1 Rfd8 17. Rxd8+ Rxd8 18. Rd1 Rxd1+ 19. Bxd1 c5 20. Be2 Kf8 21. Bf4 c6 22. Kf1 Ke7 23. Be5 f6 24. Bb2 c4 25. Bxc4 Bxc4+ 26. bxc4 Ke6 27. Ke2 h5 28. f3 exf3+ 29. Kxf3 g5 30. h3 f5 31. Bd4 g4+ 32. hxg4 hxg4+ 33. Ke3 Be1 34. c3 Kd6 35. Ke2 Bh4 36. Bb6 Bf6 37. Bxa5 Kc5 38. Kd3 f4 39. Bb4+ Kb6 40. Ke4 c5 41. Ba3 f3 42. gxf3 gxf3 43. Kxf3 Bxc3 44. Ke4 Ka5 45. Bxc5 Kxa4 46. Kd5 Ka5 47. Bd6 Ka6 48. Kc6 Bd4 49. Bc5 Be5 50. Kd7 Bf4 51. Bd4 Bb8 52. c5 Ba7 53. c6 Bb8 54. Bc5 Kb5 55. Bd6 1-0


[Site "https://www.chess.com"]

[Event "Titled Tuesday Blitz May 31 Early 2022"]
[White "Molina, Roberto Junio Brito"]
[Black "Dubov, Daniil"]
[WhiteFideId "2109450"]
[BlackFideId "24126055"]
[WhiteElo "2432"]
[BlackElo "2791"]
[Result "0-1"]
[Round "05"]
[TimeControl "180+1"]
[Date "2022.05.31"]
[WhiteClock "0:00:08"]
[BlackClock "0:00:04"]

1. d4 Nf6 2. c4 e6 3. Nc3 Bb4 4. Qc2 d6 5. a3 Bxc3+ 6. Qxc3 Nbd7 7. Nf3 b6 8. g3 Bb7 9. Bg2 O-O 10. O-O Qe7 11. Bg5 h6 12. Bxf6 Nxf6 13. Rac1 a5 14. Rfd1 Rfe8 15. e3 Be4 16. Nd2 Bxg2 17. Kxg2 a4 18. Qd3 e5 19. Ne4 exd4 20. Nxf6+ Qxf6 21. Qxd4 Re5 22. f4 Re6 23. Qxf6 Rxf6 24. e4 Re6 25. Kf3 f6 26. Re1 Rae8 27. Re2 Kf7 28. Rcc2 Ke7 29. Rcd2 Kd7 30. h4 g5 31. hxg5 hxg5 32. fxg5 fxg5 33. Rd5 Re5 34. Rxe5 Rxe5 35. Ke3 b5 36. Kd4 c5+ 37. Kd3 Kc6 38. cxb5+ Kxb5 39. Rf2 d5 40. exd5 Rxd5+ 41. Kc3 Re5 42. Rf3 g4 43. Rd3 c4 44. Rd4 Re3+ 45. Kc2 Rxg3 46. Rd5+ Kb6 47. Rg5 Kc6 48. Kd2 Kd6 49. Kc2 Ke6 50. Rc5 Rf3 51. Rxc4 g3 52. Rxa4 Kf5 53. Ra8 Rf4 54. Rf8+ Ke4 55. Rg8 Kf3 56. Kd3 g2 57. b4 Rg4 58. Rf8+ Kg3 0-1


[Site "https://www.chess.com"]

[Event "Titled Tuesday Blitz May 31 Early 2022"]
[White "Neelotpal, Das"]
[Black "Kvaloy, Aksel Bu"]
[WhiteFideId "5003512"]
[BlackFideId "1528815"]
[WhiteElo "2405"]
[BlackElo "2053"]
[Result "0-1"]
[Round "05"]
[TimeControl "180+1"]
[Date "2022.06.01"]
[WhiteClock "0:00:01"]
[BlackClock "0:00:03"]

1. e4 e5 2. Nf3 Nc6 3. Bc4 Nf6 4. d3 h6 5. Nc3 d6 6. a3 g5 7. Nd5 Nxd5 8. Bxd5 Bg7 9. c3 Qe7 10. b4 Be6 11. c4 g4 12. Nd2 h5 13. Nf1 Nd4 14. Bxb7 Rb8 15. Bd5 O-O 16. h3 Bxd5 17. cxd5 f5 18. hxg4 hxg4 19. Ng3 f4 20. Nh5 Qg5 21. Bb2 Bh8 22. Bxd4 exd4 23. Qd2 Be5 24. g3 Rf7 25. gxf4 Bxf4 26. Nxf4 Qxf4 27. Qxf4 Rxf4 28. Ke2 Rbf8 29. Rh2 R8f7 30. Rc1 Kg7 31. Rc6 Rf3 32. Rg2 Kh6 33. Ra6 g3 34. fxg3 Re3+ 35. Kd2 Rff3 36. Rxa7 Rxd3+ 37. Kc2 Rc3+ 38. Kb2 Rc4 39. Ra6 Kg5 40. Rc6 Rxc6 41. dxc6 Kf6 42. b5 Ke5 43. b6 cxb6 44. c7 Rf8 45. Rc2 Rc8 46. Rc6 Kxe4 47. Rxd6 Rxc7 48. Rxb6 Ke3 49. Rd6 d3 50. a4 d2 51. a5 Rc5 52. a6 Ra5 53. Kc2 Ra2+ 0-1


[Site "https://www.chess.com"]

[Event "Titled Tuesday Blitz May 31 Early 2022"]
[White "Niemann, Hans Moke"]
[Black "Nakamura, Hikaru"]
[WhiteFideId "2093596"]
[BlackFideId "2016192"]
[WhiteElo "2632"]
[BlackElo "2850"]
[Result "1-0"]
[Round "05"]
[TimeControl "180+1"]
[Date "2022.05.31"]
[WhiteClock "0:00:07"]
[BlackClock "0:00:06"]

1. d4 Nf6 2. c4 e6 3. Nf3 d5 4. Nc3 Be7 5. g3 O-O 6. Bg2 dxc4 7. O-O Nc6 8. Qa4 Nb4 9. a3 Bd7 10. Qd1 Nc6 11. e4 Na5 12. Be3 c5 13. d5 exd5 14. exd5 Bg4 15. h3 Bf5 16. g4 Bd3 17. Re1 Nb3 18. Ra2 Nxd5 19. Nxd5 Qxd5 20. Nd2 Qd7 21. Nxc4 Nd4 22. Ne5 Qe6 23. Bxd4 Qxa2 24. Nxd3 Rad8 25. Bc3 Bh4 26. Qf3 b6 27. Ne5 Rfe8 28. Re2 Qe6 29. Bf1 Rd1 30. Kg2 Qd5 31. Qxd5 Rxd5 32. Re3 Bf6 33. f4 Bxe5 34. fxe5 Re7 35. Bc4 Rd8 36. g5 Kf8 37. h4 Rd1 38. h5 g6 39. hxg6 hxg6 40. Rh3 Ke8 41. e6 fxe6 42. Bf6 Red7 43. Bb5 1-0


[Site "https://www.chess.com"]

[Event "Titled Tuesday Blitz May 31 Early 2022"]
[White "Perez Gormaz, Matias"]
[Black "Livaic, Leon"]
[WhiteFideId "3406342"]
[BlackFideId "14531534"]
[WhiteElo "2341"]
[BlackElo "2540"]
[Result "0-1"]
[Round "05"]
[TimeControl "180+1"]
[Date "2022.05.31"]
[WhiteClock "0:00:03"]
[BlackClock "0:00:36"]

1. e4 c6 2. Nf3 d5 3. Nc3 Bg4 4. h3 Bxf3 5. Qxf3 e6 6. Be2 Nf6 7. O-O d4 8. Nb1 Nbd7 9. d3 Bd6 10. g3 h5 11. Qg2 h4 12. g4 e5 13. Nd2 Nh7 14. Nc4 Bc7 15. f4 exf4 16. Bxf4 Bxf4 17. Rxf4 Qe7 18. e5 Ng5 19. Nd6+ Kf8 20. Nxb7 Nxe5 21. Na5 Qc5 22. Nb3 Qxc2 23. Nxd4 Qxb2 24. Raf1 g6 25. Nxc6 Qb6+ 26. d4 Nxc6 27. Bc4 Rh7 28. Kh1 Rd8 29. Bb3 Nxd4 30. Qf2 Nxb3 0-1


[Site "https://www.chess.com"]

[Event "Titled Tuesday Blitz May 31 Early 2022"]
[White "Ponkratov, Pavel"]
[Black "Jobava, Baadur"]
[WhiteFideId "4157800"]
[BlackFideId "13601520"]
[WhiteElo "2487"]
[BlackElo "2617"]
[Result "0-1"]
[Round "05"]
[TimeControl "180+1"]
[Date "2022.05.31"]
[WhiteClock "0:00:14"]
[BlackClock "0:00:31"]

1. d4 c6 2. c4 d5 3. Nc3 Nf6 4. Nf3 dxc4 5. a4 Bf5 6. Ne5 Nbd7 7. Nxc4 Qc7 8. g3 Rd8 9. Bg5 e5 10. e3 Be7 11. Bg2 O-O 12. O-O exd4 13. exd4 Nb6 14. Ne3 Be6 15. a5 Nbd5 16. a6 b6 17. Rc1 Nb4 18. Qe2 Qd7 19. Rfd1 Bb3 20. Rd2 h6 21. Bxf6 Bxf6 22. d5 Bg5 23. f4 Be7 24. d6 Bxd6 25. Ne4 Bd5 26. Qh5 Bxe4 27. Bxe4 Qe6 28. Rc4 Bc5 29. Rxd8 Rxd8 30. Rxc5 bxc5 31. Qf3 Re8 0-1


[Site "https://www.chess.com"]

[Event "Titled Tuesday Blitz May 31 Early 2022"]
[White "Pourkashiyan, Atousa"]
[Black "Richter, Nils"]
[WhiteFideId "12502014"]
[BlackFideId "12990809"]
[WhiteElo "2247"]
[BlackElo "2243"]
[Result "1-0"]
[Round "05"]
[TimeControl "180+1"]
[Date "2022.06.01"]
[WhiteClock "0:00:15"]
[BlackClock "0:00:02"]

1. e4 c5 2. Nf3 Nc6 3. d4 cxd4 4. Nxd4 Nf6 5. Nc3 h5 6. Bg5 Qa5 7. Bxf6 gxf6 8. Be2 Qb4 9. Nb3 d6 10. Bxh5 a5 11. a4 f5 12. O-O Be6 13. exf5 Bxb3 14. cxb3 Qh4 15. g4 Bh6 16. Nd5 O-O-O 17. f4 e6 18. fxe6 fxe6 19. Ne3 Bxf4 20. Rxf4 Rxh5 21. Qe2 Re5 22. Qf2 Qg5 23. Nc4 Re2 24. Qxe2 Qxf4 25. Rf1 Qd4+ 26. Kh1 Rh8 27. Qxe6+ Kb8 28. Qxd6+ Ka7 29. Qxd4+ Nxd4 30. Nxa5 Rh3 31. Kg2 Rd3 32. Nc4 Rxb3 33. g5 Rb4 34. g6 Ne6 35. Ne5 Nf4+ 36. Rxf4 Rxf4 37. g7 Rf5 38. g8=Q Rxe5 39. Qc4 Rg5+ 40. Kf3 Rh5 41. Ke3 Rh3+ 42. Kf2 Rxh2+ 43. Kg1 Rd2 44. Qc5+ Ka8 45. Qf8+ Ka7 46. Qb4 Rd1+ 47. Kf2 Rd5 48. Ke3 Rh5 49. Kd3 Rh3+ 50. Kc2 Rh2+ 51. Kb1 Rh1+ 52. Ka2 Rh6 53. Qd4+ Ka8 54. Qd8+ Ka7 55. Qg5 Rc6 56. Qe3+ Ka8 57. b3 Kb8 58. Ka3 Ka8 59. Qe5 Ka7 60. Qa5+ Kb8 61. Qd8+ Ka7 62. a5 Rh6 63. Ka4 Rh5 64. b4 Rh1 65. Qd4+ Ka8 66. Qe5 Ka7 67. Kb5 Rd1 68. Qg5 Ka8 69. Qg8+ Ka7 70. Qe6 Ka8 71. Kb6 Rc1 72. Qe8+ Rc8 73. Qxc8# 1-0


[Site "https://www.chess.com"]

[Event "Titled Tuesday Blitz May 31 Early 2022"]
[White "Pranav, V"]
[Black "Le, Tuan Minh"]
[WhiteFideId "25060783"]
[BlackFideId "12401153"]
[WhiteElo "2349"]
[BlackElo "2450"]
[Result "0-1"]
[Round "05"]
[TimeControl "180+1"]
[Date "2022.05.31"]
[WhiteClock "0:00:03"]
[BlackClock "0:00:06"]

1. Nf3 d5 2. g3 Nd7 3. Bg2 Ngf6 4. O-O e5 5. d3 c6 6. Nbd2 Bc5 7. e4 O-O 8. Qe2 Re8 9. c3 Bb6 10. h3 Nf8 11. Rd1 Ng6 12. Nf1 Be6 13. a4 a5 14. Be3 h6 15. b4 Qc7 16. Bxb6 Qxb6 17. Rdb1 dxe4 18. dxe4 Red8 19. N1d2 Qc7 20. Nc4 axb4 21. cxb4 Bxc4 22. Qxc4 Rxa4 23. Rxa4 b5 24. Ra7 Qxa7 25. Qxc6 Qa2 26. Re1 Qa4 27. Qc5 Rd1 28. Kh2 Rxe1 29. Nxe1 Qd1 30. Qe3 h5 31. Bf3 Qb1 32. Nd3 h4 33. Kg2 hxg3 34. fxg3 Qc2+ 35. Be2 Nd7 36. h4 Ngf8 37. Nf2 Qb2 38. Bxb5 Qxb4 39. Bxd7 Nxd7 40. g4 Nf8 41. Nd3 Qc3 42. Qf3 Ne6 43. Nf2 Nf4+ 44. Kg3 Qe1 45. Qh1 Qd2 46. h5 Ne2+ 47. Kg2 Qe3 48. Qd1 Nf4+ 49. Kf1 Kh7 50. g5 Qg3 51. g6+ fxg6 52. hxg6+ Qxg6 53. Qg4 Qa6+ 54. Kg1 Qf6 55. Qf5+ Qxf5 56. exf5 Ne2+ 57. Kg2 Nd4 58. Nd3 e4 59. Nf2 e3 60. Ng4 Nxf5 61. Kf3 Kg6 62. Ne5+ Kf6 63. Ng4+ Kg5 64. Ne5 g6 65. Nd3 Kh4 66. Nf4 g5 67. Ng6+ Kh5 68. Ne5 Kh4 69. Ng6+ Kh3 70. Ne5 Kh2 71. Ng4+ Kg1 72. Ne5 Kf1 73. Nd3 e2 74. Kg4 Nd6 75. Kxg5 Ne4+ 76. Kf4 Nc5 77. Nxc5 e1=Q 78. Ne4 Ke2 79. Ng3+ Kd3 80. Kg4 Ke3 81. Nf5+ Ke4 82. Ng3+ Ke5 83. Kf3 Qc3+ 84. Kg4 Qe3 85. Nh5 Qf2 86. Ng3 Qf4+ 87. Kh3 Qf3 88. Kh4 Kf4 89. Nh5+ Kf5 90. Ng3+ Kg6 91. Kh3 Kg5 92. Kh2 Kg4 93. Nh1 Qe2+ 94. Kg1 Kf3 0-1


[Site "https://www.chess.com"]

[Event "Titled Tuesday Blitz May 31 Early 2022"]
[White "Priasmoro, Novendra"]
[Black "Wagner, Dennis"]
[WhiteFideId "7105029"]
[BlackFideId "24650684"]
[WhiteElo "2309"]
[BlackElo "2355"]
[Result "1-0"]
[Round "05"]
[TimeControl "180+1"]
[Date "2022.05.31"]
[WhiteClock "0:00:19"]
[BlackClock "0:00:01"]

1. e4 e5 2. Nf3 Nc6 3. Bb5 a6 4. Ba4 Nf6 5. O-O Bc5 6. c3 b5 7. Bc2 d6 8. d4 Ba7 9. Be3 Bg4 10. dxe5 Nxe5 11. Bxa7 Rxa7 12. Nbd2 O-O 13. h3 Bh5 14. g4 Nxf3+ 15. Qxf3 Bg6 16. Qe3 c5 17. f4 h6 18. f5 Bh7 19. Nf3 Re8 20. Rad1 Rae7 21. Qf4 Nxe4 22. Bxe4 Rxe4 23. Qxd6 Qxd6 24. Rxd6 f6 25. Rxa6 h5 26. Nh2 Re3 27. Kg2 Kh8 28. Rc6 R3e5 29. Nf3 Rd5 30. Kg3 Bg8 31. Rf2 Re3 32. Kf4 Re8 33. Rd2 Kh7 34. Rxd5 Bxd5 35. Rxc5 Re4+ 36. Kg3 Bxa2 37. g5 h4+ 38. Kf2 Rf4 39. g6+ Kh6 40. Ke3 Rc4 41. Rxb5 1-0


[Site "https://www.chess.com"]

[Event "Titled Tuesday Blitz May 31 Early 2022"]
[White "Rios Escobar, Adan"]
[Black "Kim, Sergey"]
[WhiteFideId "3403645"]
[BlackFideId "13700570"]
[WhiteElo "2429"]
[BlackElo "2579"]
[Result "0-1"]
[Round "05"]
[TimeControl "180+1"]
[Date "2022.06.01"]
[WhiteClock "0:00:02"]
[BlackClock "0:00:30"]

1. d4 Nf6 2. g3 g6 3. Bg2 Bg7 4. e4 d6 5. Ne2 O-O 6. O-O e5 7. Nbc3 Re8 8. Re1 c6 9. a4 a5 10. h3 Na6 11. Be3 Qc7 12. g4 Nb4 13. Ng3 Be6 14. Qd2 Bc4 15. b3 Ba6 16. Rad1 Rad8 17. g5 Nd7 18. Nce2 Nf8 19. c4 Ne6 20. d5 Nc5 21. Nc1 cxd5 22. exd5 b6 23. h4 Bc8 24. h5 Qe7 25. Bf3 f5 26. gxf6 Bxf6 27. hxg6 hxg6 28. Kg2 Rf8 29. Rh1 Qf7 30. Rh2 Bg7 31. Qe2 Bf5 32. Rdh1 Nbd3 33. Nxf5 Qxf5 34. Nxd3 Nxd3 35. Rh3 Nf4+ 36. Bxf4 Qxf4 37. Qe3 Rde8 38. Rg3 e4 39. Be2 Qxe3 40. fxe3 Rf6 41. Rf1 Rxf1 42. Bxf1 Kf7 43. Be2 Be5 44. Rh3 Kg7 45. Bg4 Rf8 46. Be6 Bc3 47. Rh4 Rh8 48. Rxe4 Be5 49. Rg4 Rh2+ 50. Kf3 Kf6 51. Bd7 Rb2 52. Be8 g5 53. Rg2 Rxb3 54. Bb5 Rc3 55. Ke4 Rc1 56. Rf2+ Ke7 57. Rf5 g4 58. Rg5 g3 59. Kf5 Rf1+ 60. Ke4 Rf2 0-1


[Site "https://www.chess.com"]

[Event "Titled Tuesday Blitz May 31 Early 2022"]
[White "Royal, Shreyas"]
[Black "Goltsev, Dmitry"]
[WhiteFideId "448869"]
[BlackFideId "24176710"]
[WhiteElo "1986"]
[BlackElo "2258"]
[Result "0-1"]
[Round "05"]
[TimeControl "180+1"]
[Date "2022.05.31"]
[WhiteClock "0:01:02"]
[BlackClock "0:01:22"]

1. d4 Nf6 2. c4 e6 3. Nf3 Bb4+ 4. Bd2 Qe7 5. g3 b6 6. Bg2 Bb7 7. O-O Bxd2 8. Qxd2 Ne4 9. Qc2 f5 10. Nc3 Nxc3 11. Qxc3 O-O 12. Rfd1 d6 13. b4 Nd7 14. Rac1 a5 15. a3 axb4 16. axb4 Ra2 17. Rd2 Rfa8 18. c5 bxc5 19. dxc5 Bd5 20. cxd6 cxd6 21. Qc7 R2a7 22. Qc3 Nb6 23. Nd4 Ra3 24. Qc7 Qxc7 25. Rxc7 Ra1+ 26. Bf1 Rxf1+ 0-1


[Site "https://www.chess.com"]

[Event "Titled Tuesday Blitz May 31 Early 2022"]
[White "Salinas Herrera, Pablo"]
[Black "De Silva, L M S T"]
[WhiteFideId "3407128"]
[BlackFideId "9953698"]
[WhiteElo "2541"]
[BlackElo "1631"]
[Result "1-0"]
[Round "05"]
[TimeControl "180+1"]
[Date "2022.06.01"]
[WhiteClock "0:00:03"]
[BlackClock "0:00:25"]

1. d4 Nf6 2. Nf3 e6 3. Bf4 d5 4. e3 Bd6 5. Nbd2 Bxf4 6. exf4 Qd6 7. g3 O-O 8. c3 b6 9. Bd3 Ba6 10. Bxa6 Nxa6 11. O-O c5 12. Qe2 Nb8 13. Rad1 Nc6 14. dxc5 Qxc5 15. Nb3 Qe7 16. Rfe1 Rfe8 17. Kg2 Ne4 18. Qe3 Nd6 19. Re2 Nc4 20. Qc1 Rac8 21. Rxd5 Qb7 22. Rd3 e5 23. Re4 Nd4 24. Rdxd4 exd4 25. Rxe8+ Rxe8 26. Nxd4 Qe4 27. b3 Nd6 28. Qd2 Nf5 29. Nxf5 Qxf5 30. Ne5 Qe4+ 31. Kg1 Qb7 32. h4 f6 33. Ng4 Qe7 34. Ne3 Rd8 35. Nd5 Qd6 36. c4 Re8 37. Kg2 Qc6 38. a4 h6 39. Qd3 Qe6 40. Kh2 Qe2 41. Nxf6+ Kf7 42. Qxe2 Rxe2 43. Ng4 Rb2 44. Ne5+ Ke6 45. Kg2 Rxb3 46. Nc6 Rb4 47. Nxb4 1-0


[Site "https://www.chess.com"]

[Event "Titled Tuesday Blitz May 31 Early 2022"]
[White "Sargsyan, Anna M."]
[Black "Turutin, Alexander"]
[WhiteFideId "13308130"]
[BlackFideId "4180623"]
[WhiteElo "2271"]
[BlackElo "2402"]
[Result "0-1"]
[Round "05"]
[TimeControl "180+1"]
[Date "2022.06.01"]
[WhiteClock "0:00:04"]
[BlackClock "0:00:06"]

1. d4 Nf6 2. c4 g6 3. g3 Bg7 4. Bg2 O-O 5. Nc3 d6 6. Nf3 Nc6 7. O-O a6 8. Qd3 e5 9. d5 Nb4 10. Qd2 a5 11. Ne1 Bd7 12. Nd1 e4 13. a3 Na6 14. Qxa5 Nc5 15. Qc3 Nxd5 16. Qc2 Nb6 17. Ne3 Ba4 18. Qb1 Nb3 19. Ra2 f5 20. N1c2 Qe7 21. Nb4 c6 22. Re1 Rae8 23. Qc2 g5 24. Bh3 f4 25. Nf5 Qe5 26. Nxg7 Kxg7 27. Bd2 Nd4 28. Qc1 e3 29. fxe3 fxg3 30. exd4 gxh2+ 31. Kh1 Qg3 32. Bxg5 Qxh3 33. Bf4 Re4 34. e3 Qf3+ 35. Kxh2 Qf2+ 36. Kh1 Qf3+ 37. Kh2 Qf2+ 38. Kh1 Rfxf4 39. Rg1+ Rg4 40. b3 Qf3+ 41. Rgg2 Qh3+ 42. Kg1 Rxg2+ 43. Rxg2+ Kh8 44. Qf1 Qxe3+ 45. Qf2 Qxf2+ 46. Rxf2 Bxb3 47. Rf8+ Kg7 48. Rb8 Nxc4 49. Rxb7+ Kg6 50. Nxc6 Rg4+ 51. Kf2 Bc2 52. a4 Re4 53. d5 Rf4+ 54. Ke2 Re4+ 55. Kf3 Re3+ 56. Kf2 Bxa4 57. Rb4 Bxc6 58. dxc6 Rc3 59. c7 Ne5 60. Rb6 Kf5 61. Rxd6 Rxc7 62. Ke3 h5 63. Kf2 h4 64. Kg2 Rh7 65. Kh3 Nf3 66. Rd5+ Kf4 67. Rd4+ Nxd4 0-1


[Site "https://www.chess.com"]

[Event "Titled Tuesday Blitz May 31 Early 2022"]
[White "Shyaamnikhil P"]
[Black "Pichot, Alan"]
[WhiteFideId "5024218"]
[BlackFideId "110973"]
[WhiteElo "2329"]
[BlackElo "2579"]
[Result "0-1"]
[Round "05"]
[TimeControl "180+1"]
[Date "2022.05.31"]
[WhiteClock "0:00:17"]
[BlackClock "0:00:05"]

1. e4 e5 2. Nf3 Nc6 3. Bb5 a6 4. Bxc6 dxc6 5. d4 exd4 6. Qxd4 Qxd4 7. Nxd4 f6 8. Bf4 Kd8 9. Nc3 Bd7 10. O-O-O Kc8 11. a3 Ne7 12. h4 Ng6 13. Bg3 h5 14. f3 Bc5 15. Rd3 Re8 16. Rhd1 Bxd4 17. Rxd4 Nf8 18. Ne2 Be6 19. e5 fxe5 20. Bxe5 Bd5 21. f4 g6 22. Nc3 Bxg2 23. Bf6 b6 24. Rd8+ Kb7 25. Rxa8 Kxa8 26. Rd8+ Rxd8 27. Bxd8 Ne6 28. Bg5 c5 29. Ne2 Kb7 30. f5 gxf5 31. Nf4 Nxf4 32. Bxf4 Be4 33. Kd2 Kc6 34. c4 b5 35. b3 b4 36. a4 Bf3 37. Bg3 Kd7 38. Bf4 Bg4 39. Bg3 Bh3 40. Bf4 c6 41. Be3 Ke6 42. Bxc5 f4 43. Bxb4 Ke5 44. Bc5 Ke4 45. b4 Bf1 46. b5 cxb5 47. cxb5 axb5 48. axb5 Bxb5 49. Ke1 Kf3 50. Bd6 Kg3 51. Bc7 Kg4 52. Kf2 Bc6 53. Bd8 f3 0-1


[Site "https://www.chess.com"]

[Event "Titled Tuesday Blitz May 31 Early 2022"]
[White "Skliarov, Viktor"]
[Black "Aravindh, Chithambaram VR."]
[WhiteFideId "14106736"]
[BlackFideId "5072786"]
[WhiteElo "2229"]
[BlackElo "2561"]
[Result "0-1"]
[Round "05"]
[TimeControl "180+1"]
[Date "2022.05.31"]
[WhiteClock "0:00:08"]
[BlackClock "0:00:08"]

1. e4 g6 2. d4 Bg7 3. Nc3 d5 4. exd5 Nf6 5. Bc4 Nbd7 6. Nf3 Nb6 7. Bb3 a5 8. a4 O-O 9. O-O Nbxd5 10. Nxd5 Nxd5 11. c3 Bg4 12. h3 Bxf3 13. Qxf3 e6 14. Bd2 Qd6 15. Rae1 Rad8 16. Bg5 Rd7 17. Re4 Qb6 18. Qd1 h6 19. Bc1 Rfd8 20. Qc2 c5 21. dxc5 Qxc5 22. Bc4 Nf6 23. Be3 Qf5 24. f3 Nxe4 25. fxe4 Qh5 26. Be2 Qh4 27. Bb5 Rd6 28. Bf2 Qg5 29. Be1 Rd2 30. Bxd2 Rxd2 31. Rf2 Rxc2 32. Rxc2 Qe3+ 33. Kf1 Be5 34. Re2 Qc1+ 35. Kf2 h5 36. g4 h4 0-1


[Site "https://www.chess.com"]

[Event "Titled Tuesday Blitz May 31 Early 2022"]
[White "Stepanencu, Nicodim-Cosmin"]
[Black "Sismeiro, Miguel"]
[WhiteFideId "1256220"]
[BlackFideId "1950975"]
[WhiteElo "1945"]
[BlackElo "2031"]
[Result "1-0"]
[Round "05"]
[TimeControl "180+1"]
[Date "2022.06.01"]
[WhiteClock "0:00:05"]
[BlackClock "0:00:08"]

1. b3 a5 2. Bb2 a4 3. bxa4 d5 4. Nf3 Nf6 5. e3 Bg4 6. c4 e6 7. Nc3 c6 8. Be2 Be7 9. O-O O-O 10. d4 Nbd7 11. Qb3 Qa5 12. Rab1 Bf5 13. Rbc1 Nb6 14. cxd5 exd5 15. Ne5 Ra7 16. g4 Be6 17. Bd1 Ne4 18. f3 Nd2 19. Qc2 Nxf1 20. Kxf1 f6 21. Nd3 Nc4 22. Kf2 Qc7 23. Nf4 Bf7 24. h4 Bd6 25. Ng2 Bg3+ 26. Kg1 Re8 27. e4 Bf4 28. Rb1 Ne3 29. Qf2 Nxg2 30. Kxg2 dxe4 31. fxe4 c5 32. Nb5 Qa5 33. Qxf4 Ra6 34. Bc3 Qd8 35. Nc7 g5 36. hxg5 fxg5 37. Qg3 cxd4 38. Bd2 Rxe4 39. Nxa6 bxa6 40. Bf3 Bd5 41. Rb8 Re2+ 42. Kf1 Bxf3 43. Rxd8+ 1-0


[Site "https://www.chess.com"]

[Event "Titled Tuesday Blitz May 31 Early 2022"]
[White "Svane, Frederik"]
[Black "Maltsevskaya, Aleksandra"]
[WhiteFideId "12923044"]
[BlackFideId "24174041"]
[WhiteElo "2459"]
[BlackElo "2235"]
[Result "1-0"]
[Round "05"]
[TimeControl "180+1"]
[Date "2022.05.31"]
[WhiteClock "0:01:47"]
[BlackClock "0:00:10"]

1. e4 c5 2. Nf3 e6 3. Nc3 Nc6 4. Be2 d5 5. exd5 exd5 6. d4 cxd4 7. Nxd4 Bc5 8. Be3 Qb6 9. Na4 Qa5+ 10. c3 Nxd4 11. Bxd4 Bxd4 12. Qxd4 Nf6 13. Qc5 Qxc5 14. Nxc5 O-O 15. O-O Re8 16. Rfe1 b6 17. Nb3 Bd7 18. Bf3 Bf5 19. Nd4 Be4 20. Be2 g5 21. Bb5 Rec8 22. f3 Bg6 23. Re5 h6 24. Rae1 Rd8 25. Re7 a6 26. Bf1 b5 27. a3 Kf8 28. Rb7 Rdb8 29. Ree7 Rxb7 30. Rxb7 Ne8 31. Rd7 Nf6 32. Rb7 Ne8 33. Kf2 Nd6 34. Rd7 Nc4 35. Bxc4 bxc4 36. Rb7 Bd3 37. Nc6 Kg7 38. Rb8 Rxb8 39. Nxb8 a5 40. Nc6 a4 41. Nb4 Kf6 42. Nxd3 1-0


[Site "https://www.chess.com"]

[Event "Titled Tuesday Blitz May 31 Early 2022"]
[White "Svane, Rasmus"]
[Black "Lianes Garcia, Marcos"]
[WhiteFideId "4657101"]
[BlackFideId "32060777"]
[WhiteElo "2674"]
[BlackElo "2310"]
[Result "0-1"]
[Round "05"]
[TimeControl "180+1"]
[Date "2022.05.31"]
[WhiteClock "0:00:03"]
[BlackClock "0:00:12"]

1. Nf3 g6 2. e4 Bg7 3. d4 c5 4. d5 d6 5. Nc3 Nf6 6. Be2 O-O 7. O-O e6 8. h3 exd5 9. exd5 Re8 10. Bd3 Na6 11. a3 Nc7 12. Bc4 Rb8 13. a4 Ne4 14. Nxe4 Rxe4 15. Bd3 Re8 16. Bb5 Nxb5 17. axb5 Qb6 18. c4 a6 19. bxa6 bxa6 20. Qa4 Bf5 21. Qxa6 Bd3 22. Rd1 Qxa6 23. Rxa6 Be2 24. Re1 Bxf3 25. Rxe8+ Rxe8 26. Bf4 Be2 27. b3 Be5 28. Bxe5 dxe5 29. Rc6 Bd1 30. Rxc5 Bxb3 31. Rc6 Rd8 32. d6 Kg7 33. c5 Kf6 34. Rb6 Be6 35. f3 e4 36. fxe4 Ke5 37. Kf2 Kxe4 38. Rc6 Kd5 39. Rc7 Rd7 40. Rc8 Ra7 41. Rh8 h5 42. Kg3 Kxc5 43. Kh4 Kxd6 44. Kg5 Ra2 45. g4 hxg4 46. hxg4 Rg2 47. Kf6 Rxg4 48. Rd8+ Kc7 49. Rd2 Rf4+ 50. Kg7 Kc6 51. Rg2 Kd5 52. Kh6 Ke5 53. Kg7 Kf5 0-1


[Site "https://www.chess.com"]

[Event "Titled Tuesday Blitz May 31 Early 2022"]
[White "Tahbaz, Arash"]
[Black "Harvey, Marcus R"]
[WhiteFideId "12528846"]
[BlackFideId "400092"]
[WhiteElo "2381"]
[BlackElo "2485"]
[Result "0-1"]
[Round "05"]
[TimeControl "180+1"]
[Date "2022.05.31"]
[WhiteClock "0:00:06"]
[BlackClock "0:00:08"]

1. e4 e5 2. Nf3 Nf6 3. d3 Nc6 4. g3 Bc5 5. Bg2 O-O 6. O-O Re8 7. h3 d5 8. Nbd2 a5 9. a4 h6 10. c3 dxe4 11. dxe4 b6 12. Re1 Ba6 13. Bf1 Bxf1 14. Kxf1 Qd7 15. Kg2 Rad8 16. Qe2 Qe6 17. Nc4 Rd7 18. b3 Red8 19. Bb2 Rd3 20. Rac1 Nh7 21. Red1 R3d7 22. Rxd7 Rxd7 23. Rd1 Nf6 24. Rxd7 Qxd7 25. Nfxe5 Nxe5 26. Nxe5 Qe6 27. c4 Ne8 28. Nd3 Bf8 29. e5 Nf6 30. Nf4 Qc6+ 31. Qf3 Ne4 32. Nd5 Qg6 33. Nf4 Qc6 34. h4 Bc5 35. Nd5 Qg6 36. h5 Qh7 37. Ne3 Bxe3 38. Qxe3 Nc5 39. Bd4 Ne6 40. Bc3 Qc2 41. Bd2 Nc5 42. b4 Ne4 43. Be1 axb4 44. Bxb4 Qxc4 45. Be7 Qxa4 46. f3 Qc2+ 47. Kh3 Nf2+ 48. Kh4 Qc4+ 49. g4 Qf1 50. Kg3 Qg1+ 51. Kf4 Qh2+ 52. Kf5 Nh1 53. Ke4 Qc2+ 54. Kd5 Nf2 55. e6 Qa2+ 56. Kc6 Qxe6+ 57. Qxe6 fxe6 58. Kxc7 b5 59. Kc6 Kf7 60. Bc5 Nd3 61. Kxb5 Ne5 62. Be3 Nxf3 63. Kc5 Kf6 64. Kd6 e5 65. Kd5 Nh2 66. g5+ hxg5 67. Ke4 Ng4 68. Bd2 Nh6 69. Bc3 Nf7 70. Bb2 Ke6 71. Bc3 Nd6+ 72. Kf3 Kf5 73. Kg3 Ne4+ 0-1


[Site "https://www.chess.com"]